 Dungeon Crawl Stone Soup version 0.19-a0-854-gc78d25d (webtiles) character file.

303 Implojin the Chopper (level 6, -10/51 HPs)
             Began as a Minotaur Fighter on July 1, 2016.
             Killed by divine providence
             ... invoked by an orc priest
              (12 damage)
             ... on level 4 of the Dungeon.
             The game lasted 00:02:13 (294 turns).

Implojin the Chopper (Minotaur Fighter)              Turns: 294, Time: 00:02:13

Health: -10/51     AC:  6    Str: 20    XL:     6   Next: 15%
Magic:  5/5        EV:  7    Int:  5    God:
Gold:   0          SH:  9    Dex: 12    Spells: 0 memorised, 5 levels left

rFire  . . .     SeeInvis .     a - +1 war axe
rCold  . . .     Gourm    .     b - +0 scale mail
rNeg   . . .     Faith    .     c - +0 shield
rPois  .         Spirit   .     (helmet restricted)
rElec  .         Dismiss  .     (no cloak)
rCorr  .         Reflect  .     (no gloves)
SustAt .         Harm     .     (no boots)
MR     .....                    (no amulet)
Stlth  ..........               (no ring)
                                (no ring)

@: very slightly contaminated, not resistant to hostile enchantments, extremely
unstealthy
A: retaliatory headbutt, horns 2
a: no special abilities


You were on level 4 of the Dungeon.
You were not hungry.

You visited 1 branch of the dungeon, and saw 4 of its levels.

Inventory:

Hand Weapons
 a - a +1 war axe (weapon)
Armour
 b - a +0 scale mail (worn)
 c - a +0 shield (worn)
Scrolls
 e - 2 scrolls of amnesia
 k - a scroll of recharging {unknown}
 l - a scroll of magic mapping
Potions
 m - a potion of degeneration {unknown}
Comestibles
 d - 3 chunks of flesh
 f - 3 bread rations
 g - 2 meat rations
 h - a royal jelly


   Skills:
 - Level 3.6 Fighting
 * Level 7.9 Axes
 - Level 3.6 Armour
 - Level 3.6 Shields


You had 5 spell levels left.
You didn't know any spells.

Dungeon Overview and Level Annotations

Branches:
Dungeon (4/15)
 Temple: D:4-7

Altars:


Innate Abilities, Weirdness & Mutations

You reflexively headbutt those who attack you in melee.
You have a pair of horns on your head.


Message History

Unknown command.
You slash the orc priest!
The orc priest is severely wounded.
You barely miss the orc. You hit the orc. x2; You hit the hound.
The hound bites you but does no damage. You block the orc priest's attack.
The orc closely misses you. You furiously retaliate!
You headbutt the orc!
You kill the orc!
The orc hits you with a dagger.
* * * LOW HITPOINT WARNING * * *
You block the orc's attack. The hound bites you.
* * * LOW HITPOINT WARNING * * *
The orc priest hits you but does no damage.
Unknown command.
Unknown command.
You hit the orc priest. Your headbutt misses the orc priest.
The orc priest is almost dead.
You hit the orc.
You kill the orc!
You hit the orc.
You kill the orc!
You hit the hound. The hound closely misses you.
The orc priest invokes the aid of Beogh against you.
Pain shoots through your body!
* * * LOW HITPOINT WARNING * * *
The hound bites you but does no damage.
Unknown command.
You block the ogre's attack.
Things that are here:
a short sword; a leather armour
Okay, then.
The hound bites you but does no damage.
As you read the scroll labeled SICWYG IJEAGUY, it crumbles to dust.
You feel blessed for a moment.
It was a scroll of remove curse.
The hound bites you but does no damage.
The orc priest hits you but does no damage.
The hound barely misses you. You furiously retaliate!
You headbutt the hound! The hound barely misses you.
The orc priest calls down the wrath of Beogh upon you.
Beogh smites you!
You die...

***** #### *###******
,,,,****** ###..###..##,**,*
,,,,,,,,,* #...........**,,,
,,,,,,,,,* ##.........#****,,
,,,,,,,,,*** #..o.......##
*,,
,,,,,,**,,,***##...........##
**,
,,,,,*****,,.##.@h..........#
** ,,,,**
**#.....O..........## ##
,,***
*#...##....)).......###. ***
*#...**#.............##.. *
*...** #......)......#...
**..** #.................
**,.** ##................
*,,,* #...............#
**,,****** ##.............##


You could see an ogre, a hound and an orc priest.

Vanquished Creatures
  Duvessa (D:4)
  Blork the orc (D:4)
  Dowan (D:4)
  A worker ant (D:4)
  4 adders (D:4)
  An ooze (D:3)
  5 orcs (D:4)
  A giant cockroach (D:4)
  2 jackals (D:4)
  A bat (D:1)
  A giant newt (D:1)
  2 rats
21 creatures vanquished.

Notes
Turn   | Place    | Note
-------+----------+-------------------------------------------
     0 | D:1      | Implojin the Minotaur Fighter began the quest for the Orb.
     0 | D:1      | Reached XP level 1. HP: 19/19 MP: 0/0
    49 | D:3      | Reached skill level 3 in Axes
    94 | D:4      | Noticed a worker ant
    96 | D:4      | Reached XP level 2. HP: 21/26 MP: 1/1
    97 | D:4      | Reached skill level 4 in Axes
    97 | D:4      | Reached XP level 3. HP: 26/31 MP: 2/2
   123 | D:4      | Noticed Duvessa
   123 | D:4      | Noticed Dowan
   128 | D:4      | Killed Duvessa
   128 | D:4      | Reached skill level 6 in Axes
   128 | D:4      | Reached XP level 4. HP: 19/39 MP: 3/3
   130 | D:4      | Killed Dowan
   130 | D:4      | Reached XP level 5. HP: 17/45 MP: 4/4
   181 | D:4      | Reached skill level 7 in Axes
   191 | D:4      | Noticed Blork the orc
   204 | D:4      | Killed Blork the orc
   204 | D:4      | Reached XP level 6. HP: 11/51 MP: 5/5
   288 | D:4      | HP: 1/51 [orc priest/nerve-wracking pain (11)]
   294 | D:4      | Killed from afar by an orc priest

Vault maps used:
D:1:      dpeg_arrival_boxorama
D:2:      kennysheep_nub, grunt_ministairs_12, uniq_iyjb
D:3:      serial_co_window_serial, co_window_cross_1, co_window_cross_1,
          co_window_paths_b, co_window_of_opportunity_a, co_window_paths_a,
          co_window_paths_b, co_window_paths_a, co_window_corner_ca,
          co_window_unsneaky_path_c, co_window_broadway_c, co_window_cross_4,
          co_window_broadway_b, glass_columns_a, glass_columns_c,
          glass_columns_a, glass_columns_b, glass_columns_a,
          minmay_goblin_kobold_house, uniq_jessica, uniq_grinder
D:4:      lemuel_round_altar, serial_shops, nicolae_shop_trees,
          small_statue_intersection, uniq_duvessa, uniq_blork_the_orc

Skill      XL: |  1  2  3  4  5 |
---------------+----------------+-----
Axes           | 3 4 6 7 |  7.9
Fighting       | |  3.6
Armour         | |  3.6
Shields        | |  3.6

Action                   |  1- 3 |  4- 6 || total
-------------------------+-------+-------++-------
Melee: War axe           |    18 |    27 ||    45
       Headbutt          |     2 |     8 ||    10
  Use: Potion            |     1 |     2 ||     3
       Scroll            |       |     4 ||     4
Armor: Scale mail        |     8 |    14 ||    22
Dodge: Dodged            |     7 |     8 ||    15
Block: Shield            |     6 |    17 ||    23

Table legend:
 A = Turns spent in this place as a percentage of turns spent in the entire game.
 B = Non-inter-level travel turns spent in this place as a percentage of non-inter-level travel turns spent in the entire game.
 C = Inter-level travel turns spent in this place as a percentage of turns spent in this place.
 D = Turns resting spent in this place as a percentage of non-inter-level travel turns spent in this place.
 E = Turns spent auto-exploring this place as a percentage of non-inter-level travel turns spent in this place.
 F = Non-inter-level travel turns spent in this place divided by the number of levels of this place that you've seen.
                   A       B       C       D       E      F
               +-------+-------+-------+-------+-------+----------------------
         Total | 100.0 | 100.0 |   0.0 |   0.0 |   0.0 |  79.5
       Dungeon | 100.0 | 100.0 |   0.0 |   0.0 |   0.0 |  79.5
               +-------+-------+-------+-------+-------+----------------------

Table legend:
 A = Kills in this place as a percentage of kills in entire the game.
 B = Kills by you in this place as a percentage of kills by you in the entire game.
 C = Kills by friends in this place as a percentage of kills by friends in the entire game.
 D = Other kills in this place as a percentage of other kills in the entire game.
 E = Experience gained in this place as a percentage of experience gained in the entire game.
 F = Experience gained in this place divided by the number of levels of this place that you have seen.
                   A       B       C       D       E      F
               +-------+-------+-------+-------+-------+----------------------
         Total | 100.0 | 100.0 |  -nan |  -nan | 100.0 | 108.5
       Dungeon | 100.0 | 100.0 |  -nan |  -nan | 100.0 | 108.5
               +-------+-------+-------+-------+-------+----------------------
